General information
- name: BNet
- type: Ladder team game (AT/RT)
- host: Battle.net
- saver: zephyd
map: ExcavationSite
- players: 4
- length: 34:06
- speed: Fast
- version: 1.23 W3XP
- replay type: Public
» download(189 KB)
Players
team 1 (loser)
Freezepop4ever (
pink | 73 APM | 2466 actions | 33:56)
8 Tauren Chieftain
3 Shockwave
3 War Stomp
1 Reincarnation
1 Endurance Aura
» actions
| Assign group hotkey | 22 | |
| Basic commands | 211 | |
| Build / train | 80 | |
| ESC pressed | 10 | |
| Enter build submenu | 32 | |
| Enter hero's abilities submenu | 8 | |
| Give item / drop item | 1 | |
| Right click | 1046 | |
| Select / deselect | 623 | |
| Select group hotkey | 317 | |
| Use ability | 115 | |
2466 total
» units
| Peon | 21 | |
| Grunt | 14 | |
| Demolisher | 5 | |
| Troll Headhunter/Berserker | 13 | |
53 total
» upgrades
| Berserker Strength | 1 | |
| Backpack | 1 | |
2 total
» buildings
| Altar of Storms | 1 | |
| Orc Burrow | 13 | |
| Barracks | 2 | |
| Voodoo Lounge | 1 | |
| Stronghold | 3 | |
| War Mill | 1 | |
| Fortress | 1 | |
| Watch Tower | 6 | |
| Great Hall | 2 | |
30 total
» build order
00:06 Altar of Storms
00:16 Orc Burrow
00:38 Barracks
01:30 Orc Burrow
02:06 Voodoo Lounge
02:45 Orc Burrow
03:46 Orc Burrow
04:33 Stronghold
04:34 Stronghold
04:34 Stronghold
05:40 War Mill
06:28 Barracks
06:58 Fortress
08:32 Orc Burrow
08:53 Orc Burrow
08:59 Orc Burrow
09:53 Orc Burrow
11:47 Orc Burrow
12:26 Orc Burrow
13:29 Watch Tower
13:35 Orc Burrow
15:09 Orc Burrow
17:24 Watch Tower
18:35 Orc Burrow
21:07 Great Hall
22:17 Watch Tower
27:48 Great Hall
31:46 Watch Tower
32:02 Watch Tower
32:04 Watch Tower
» items
| Healing Salve | 4 | |
| Periapt of Vitality | 2 | |
| Dust of Appearance | 1 | |
| Lesser Clarity Potion | 2 | |
| Scroll of Speed | 1 | |
| Scroll of Town Portal | 2 | |
12 total
Yogurtus (
teal | 43 APM | 1477 actions | 34:04)
6 Demon Hunter
3 Mana Burn
2 Evasion
1 Metamorphosis
5 Naga Sea Witch
3 Forked Lightning
2 Frost Arrows
» actions
| Assign group hotkey | 22 | |
| Basic commands | 68 | |
| Build / train | 70 | |
| Enter build submenu | 14 | |
| Enter hero's abilities submenu | 11 | |
| Remove unit from queue | 1 | |
| Right click | 581 | |
| Select / deselect | 471 | |
| Select group hotkey | 128 | |
| Use ability | 107 | |
1477 total
» units
| Wisp | 12 | |
| Archer | 19 | |
| Druid of the Talon | 7 | |
38 total
» upgrades
| Improved Bows | 1 | |
| Druid of the Talon Training | 2 | |
| Marksmanship | 1 | |
| Well Spring | 1 | |
| Strength of the Moon | 1 | |
6 total
» buildings
| Altar of Elders | 1 | |
| Moon Well | 6 | |
| Ancient of War | 2 | |
| Tree of Ages | 2 | |
| Ancient of Wonders | 1 | |
| Ancient of Wind | 2 | |
| Tree of Eternity | 1 | |
| Hunter's Hall | 1 | |
| Tree of Life | 1 | |
17 total
» build order
00:05 Altar of Elders
00:25 Moon Well
00:58 Ancient of War
02:14 Ancient of War
02:38 Tree of Ages
02:39 Tree of Ages
02:49 Moon Well
03:06 Moon Well
03:35 Moon Well
03:47 Ancient of Wonders
05:15 Ancient of Wind
05:54 Tree of Eternity
06:31 Ancient of Wind
12:00 Hunter's Hall
15:42 Moon Well
16:51 Moon Well
22:29 Tree of Life
» items
| Staff of Preservation | 1 | |
| Potion of Healing | 6 | |
| Scroll of Town Portal | 1 | |
8 total
team 2 (winner)
shArAh0evA (
yellow | 84 APM | 2878 actions | 34:05)
6 Far Seer
3 Feral Spirit
2 Chain Lighting
1 Earth Quake
5 Tauren Chieftain
2 Endurance Aura
3 Shockwave
4 Shadow Hunter
3 Healing Wave
1 Hex
» actions
| Assign group hotkey | 28 | |
| Basic commands | 15 | |
| Build / train | 67 | |
| ESC pressed | 4 | |
| Enter build submenu | 16 | |
| Enter hero's abilities submenu | 16 | |
| Give item / drop item | 7 | |
| Right click | 2187 | |
| Select / deselect | 358 | |
| Select group hotkey | 88 | |
| Use ability | 92 | |
2878 total
» units
» upgrades
| Armor | 2 | |
| Ranged Weapons | 1 | |
| Envenomed Spears | 1 | |
4 total
» buildings
| Altar of Storms | 1 | |
| Orc Burrow | 5 | |
| Stronghold | 1 | |
| Voodoo Lounge | 1 | |
| War Mill | 1 | |
| Fortress | 1 | |
| Great Hall | 1 | |
| Beastiary | 3 | |
| Watch Tower | 4 | |
18 total
» build order
00:11 Altar of Storms
00:20 Orc Burrow
02:03 Stronghold
02:54 Voodoo Lounge
03:06 Orc Burrow
04:12 War Mill
06:53 Fortress
08:39 Great Hall
12:48 Beastiary
12:55 Beastiary
12:56 Beastiary
16:08 Orc Burrow
16:24 Watch Tower
16:29 Watch Tower
16:31 Watch Tower
16:34 Watch Tower
17:50 Orc Burrow
21:02 Orc Burrow
» items
| Healing Salve | 3 | |
| Lesser Clarity Potion | 5 | |
| Potion of Mana | 3 | |
| Scroll of Speed | 2 | |
| Orb of Lightning | 2 | |
| Scroll of Town Portal | 1 | |
| Boots of Speed | 1 | |
| Potion of Lesser Invulnerability | 1 | |
18 total
zephyd (
green | 126 APM | 4309 actions | 34:06)
5 Priestess of the Moon
3 Trueshot Aura
2 Scout
» actions
| Assign group hotkey | 275 | |
| Basic commands | 20 | |
| Build / train | 94 | |
| ESC pressed | 5 | |
| Enter build submenu | 30 | |
| Enter hero's abilities submenu | 6 | |
| Remove unit from queue | 5 | |
| Right click | 2575 | |
| Select / deselect | 666 | |
| Select group hotkey | 509 | |
| Use ability | 124 | |
4309 total
» units
| Wisp | 28 | |
| Huntress | 16 | |
| Druid of the Claw | 18 | |
| Dryad | 14 | |
76 total
» upgrades
| Ultravision | 1 | |
| Sentinel | 1 | |
| Druid of the Claw Training | 2 | |
| Abolish Magic | 1 | |
5 total
» buildings
| Moon Well | 7 | |
| Altar of Elders | 1 | |
| Ancient of War | 4 | |
| Hunter's Hall | 1 | |
| Tree of Life | 4 | |
| Tree of Ages | 1 | |
| Ancient Protector | 2 | |
| Ancient of Lore | 3 | |
| Tree of Eternity | 1 | |
| Ancient of Wonders | 1 | |
25 total
» build order
00:04 Moon Well
00:08 Altar of Elders
01:18 Ancient of War
01:19 Ancient of War
01:24 Moon Well
01:31 Hunter's Hall
02:02 Ancient of War
02:27 Ancient of War
02:55 Moon Well
04:25 Moon Well
05:10 Moon Well
06:18 Tree of Life
06:40 Tree of Life
06:43 Tree of Ages
09:17 Ancient Protector
10:05 Ancient Protector
11:32 Ancient of Lore
11:40 Ancient of Lore
12:07 Tree of Eternity
17:05 Tree of Life
18:07 Moon Well
18:12 Moon Well
21:14 Ancient of Lore
27:53 Ancient of Wonders
34:00 Tree of Life
Chat log
(00:39 / Allies) zephyd: lol
(00:41 / Allies) zephyd: 2 wisps on gold
(00:43 / Allies) shArAh0evA: i'll even get lumber for u
(00:53 / Allies) zephyd: lumber is the limiting factor
(00:55 / Allies) shArAh0evA: just not early lumber
(01:01 / Allies) zephyd: can you get me lots of gold?
(01:07 / Allies) shArAh0evA: yeah
(01:41 / Allies) zephyd: lumber + gold
(01:44 / Allies) zephyd: need like 100 gold, 30 lumber
(03:05 / Allies) zephyd: gold
(03:31 / Allies) zephyd: need like 200 gold
(04:45 / Allies) zephyd: tri-aow is fail
(04:47 / Allies) shArAh0evA: \clear this
(04:48 / Allies) shArAh0evA: with me
(04:49 / Allies) zephyd: i can pump 1 at at ime
(04:49 / Allies) zephyd: lol
(05:01 / Allies) shArAh0evA: then let's attack
(06:09 / Allies) shArAh0evA: or this
(07:15 / Allies) shArAh0evA: burrows
(08:34 / Allies) shArAh0evA: go again
(08:44 / Allies) shArAh0evA: we have way more money
(08:48 / Allies) zephyd: 1 more round of hunts
(11:22 / Allies) shArAh0evA: duyde
(11:23 / Allies) shArAh0evA: lol
(11:27 / Allies) zephyd: no burrows
(11:27 / Allies) zephyd: lol
(11:31 / Allies) shArAh0evA: umm
(11:35 / Allies) shArAh0evA: if u have turned around
(11:36 / Allies) shArAh0evA: and fought
(11:38 / Allies) shArAh0evA: i wouldn't have died
(11:57 / Allies) shArAh0evA: gimme some gold back
(13:33 / Allies) shArAh0evA: tele?
(14:32 / Allies) zephyd: need wood
(15:51 / Allies) zephyd: tower that up
(16:00 / Allies) shArAh0evA: no lumber
(16:07 / Allies) zephyd: lol fuck
(17:10 / Allies) zephyd: creep that out if you can
(17:14 / Allies) zephyd: i'll eat trees
(17:30 / Allies) shArAh0evA: k
(18:50 / Allies) zephyd: omw
(21:06 / Allies) shArAh0evA: get bears
(21:17 / Allies) zephyd: need more dryads than bears
(21:24 / Allies) zephyd: dispel
(21:33 / Allies) zephyd: need gold
(22:09 / Allies) zephyd: send wyverns
(22:10 / Allies) zephyd: creep that
(22:20 / Allies) zephyd: also giev gold
(22:37 / Allies) shArAh0evA: we lose :(
(22:56 / Allies) shArAh0evA: coming
(24:18 / Allies) zephyd: we need an expo
(24:18 / Allies) zephyd: fast
(25:26 / Allies) zephyd: i nee dgold
(25:48 / Allies) shArAh0evA: so do they
(25:49 / Allies) shArAh0evA: lol
(25:58 / Allies) zephyd: checking that
(26:06 / Allies) shArAh0evA: get ur potm
(26:07 / Allies) shArAh0evA: away
(26:10 / Allies) shArAh0evA: let me lvl my heroes
(26:16 / Allies) shArAh0evA: oh nvm
(26:18 / Allies) shArAh0evA: ur not 6 either
(26:30 / Allies) zephyd: they have no mines
(26:31 / Allies) zephyd: we win i think
(27:21 / Allies) zephyd: b
(27:23 / Allies) zephyd: get your stuff out
(27:27 / Allies) shArAh0evA: wtf
(27:31 / Allies) shArAh0evA: i couldn't
(27:32 / Allies) shArAh0evA: got trapped
(27:43 / Allies) zephyd: we have unit production
(27:45 / Allies) zephyd: they won't soon
(28:20 / Allies) shArAh0evA: keep creeping
(28:29 / Allies) zephyd: what, for gold?
(30:17 / Allies) shArAh0evA: u lost ur hero?
(30:25 / Allies) zephyd: yeah
(31:34 / Allies) shArAh0evA: where?
(31:37 / Allies) zephyd: check expos
(32:12 / Allies) shArAh0evA: did u check that one?
(32:12 / Allies) zephyd: send a wyv to there
(32:16 / Allies) zephyd: hero not up
(32:19 / Allies) zephyd: kill
(32:20 / Allies) zephyd: kill it
(33:01 / Allies) zephyd: omw
(33:54 / Allies) zephyd: starfall almost up
(33:55 / All) Freezepop4ever: gg
(33:59 / All) Yogurtus: GG
(34:00 / All) zephyd: gg